Map: Jagannatha LE

Players

goblin - Winner!

  • Race: Protoss Protoss

Stephano

  • Race: Zerg Zerg

Event: DreamHack SC2 Masters 2021 Fall

VOD

Have the link to the VOD?

Description

Time

  • Played on: Aug. 3, 2021, 11:25 a.m.
  • Length: 17:48

All games in this series

Show
View Real Time Build Order
Export as new Build Order

goblin Protoss - Winner!

Build Orders: 1 Gate Expand, Carriers, Mass Phoenix 

Get SALT Encoding   

  12  0:00  Probe  
  13  0:12  Probe  
  14  0:19  Pylon  
  14  0:24  Probe  
  15  0:37  Probe (Chrono Boost)  
  15  0:41  Gateway  
  16  0:46  Probe (Chrono Boost)  
  16  0:47  Assimilator  
  17  0:51  Probe (Chrono Boost)  
  18  1:03  Probe  
  19  1:15  Probe  
  20  1:24  Nexus  
  20  1:35  Cybernetics Core  
  20  1:38  Probe  
  21  1:45  Assimilator  
  21  1:50  Probe  
  22  1:54  Pylon  
  22  2:02  Probe (Chrono Boost)  
  23  2:12  Adept  
  23  2:14  Probe (Chrono Boost)  
  26  2:17  Stargate  
  26  2:21  Probe (Chrono Boost)  
  27  2:24  Warp Gate  
  27  2:32  Probe (Chrono Boost)  
  27  2:37  Probe (Chrono Boost)  
  29  2:42  Adept  
  29  2:43  Probe (Chrono Boost)  
  32  2:47  Probe (Chrono Boost)  
  32  2:48  Probe (Chrono Boost)  
  34  2:53  Void Ray (Chrono Boost), Probe  
  34  2:58  Probe  
  36  3:05  Probe  
  41  3:07  Pylon  
  41  3:10  Probe  
  42  3:17  Probe  
  42  3:19  Gateway  
  43  3:22  Probe  
  44  3:32  Probe  
  49  3:34  Probe  
  50  3:45  Pylon, Probe  
  50  3:46  Probe  
  50  3:47  Nexus  
  48  3:57  Probe  
  48  3:58  Assimilator, Probe  
  48  4:00  Assimilator  
  50  4:04  Pylon  
  50  4:11  Probe x2  
  50  4:12  Stargate  
  50  4:14  Stargate  
  52  4:17  Shield Battery  
  52  4:21  Phoenix (Chrono Boost)  
  52  4:23  Probe x2  
  56  4:35  Probe  
  56  4:36  Probe  
  56  4:38  Pylon  
  58  4:42  Protoss Air Weapons Level 1  
  58  4:43  Phoenix (Chrono Boost)  
  58  4:45  Assimilator  
  60  4:47  Assimilator, Adept  
  62  4:56  Probe x2 (Chrono Boost)  
  62  4:59  Phoenix  
  66  5:00  Phoenix, Probe (Chrono Boost)  
  66  5:06  Phoenix  
  72  5:08  Probe (Chrono Boost)  
  72  5:09  Probe (Chrono Boost)  
  72  5:10  Probe (Chrono Boost)  
  72  5:13  Probe (Chrono Boost)  
  74  5:14  Probe (Chrono Boost)  
  74  5:15  Probe (Chrono Boost)  
  77  5:22  Probe  
  77  5:24  Pylon, Phoenix  
  77  5:28  Phoenix  
  82  5:29  Probe (Chrono Boost)  
  82  5:30  Probe (Chrono Boost)  
  84  5:37  Pylon  
  84  5:42  Phoenix  
  89  5:43  Probe (Chrono Boost)  
  89  5:44  Probe (Chrono Boost)  
  89  5:48  Probe (Chrono Boost)  
  89  5:49  Phoenix  
  91  5:53  Phoenix  
  93  5:59  Pylon  
  93  6:01  Probe  
  93  6:02  Probe  
  93  6:03  Probe  
  96  6:07  Phoenix  
  96  6:08  Forge  
  98  6:12  Pylon  
  98  6:14  Phoenix  
  98  6:17  Phoenix  
  98  6:18  Twilight Council  
  102  6:23  Pylon  
  102  6:32  Phoenix  
  104  6:37  Gateway  
  104  6:38  Gateway  
  104  6:39  Phoenix  
  106  6:41  Probe x2  
  106  6:42  Phoenix  
  106  6:43  Pylon  
  110  7:06  Charge (Chrono Boost), Phoenix  
  110  7:07  Phoenix  
  114  7:09  Protoss Ground Weapons Level 1  
  114  7:10  Zealot x2  
  114  7:12  Photon Cannon  
  114  7:15  Phoenix  
  120  7:17  Photon Cannon  
  120  7:19  Fleet Beacon  
  120  7:31  Zealot x2  
  124  7:39  Phoenix x2  
  124  7:41  Shield Battery  
  124  7:43  Pylon  
  126  7:44  Pylon  
  126  7:45  Zealot x2  
  126  7:47  Phoenix (Chrono Boost)  
  132  8:04  Tempest x2 (Chrono Boost), Zealot x2  
  134  8:07  Gateway  
  134  8:09  Gateway  
  134  8:12  Shield Battery  
  144  8:14  Photon Cannon  
  144  8:16  Tempest (Chrono Boost), Photon Cannon  
  149  8:20  Photon Cannon  
  149  8:22  Shield Battery  
  149  8:23  Pylon  
  149  8:27  Pylon  
  149  8:35  Cybernetics Core  
  157  8:41  Tempest x2 (Chrono Boost)  
  157  8:55  Zealot  
  157  8:56  Zealot x2  
  157  9:09  Zealot x2  
  149  9:11  Tempest  
  136  9:17  Tempest  
  136  9:19  Zealot x3  
  136  9:20  Tempest  
  152  9:32  Protoss Air Weapons Level 2, Protoss Ground Weapons Level 2 (Chrono Boost)  
  152  9:35  Zealot x2  
  152  9:38  Pylon x2  
  156  9:43  Templar Archives  
  156  9:51  Robotics Facility  
  156  9:55  Zealot x4  
  164  10:06  Zealot  
  166  10:08  Pylon  
  162  10:21  Pylon x2  
  162  10:23  Unknown  
  158  10:41  Psionic Storm, Observer (Chrono Boost)  
  158  10:42  High Templar x4  
  166  10:46  Zealot  
  167  10:52  Gateway  
  167  10:53  Observer (Chrono Boost)  
  167  10:54  Gateway  
  168  11:11  Carrier x2 (Chrono Boost)  
  180  11:24  Carrier (Chrono Boost)  
  178  11:30  Assimilator  
  178  11:31  Assimilator  
  184  11:38  Photon Cannon  
  184  11:39  Photon Cannon  
  184  11:40  Shield Battery  
  184  11:43  Photon Cannon  
  184  11:57  Pylon  
  184  11:58  Probe x3  
  184  12:01  Nexus  
  187  12:03  Protoss Ground Weapons Level 3 (Chrono Boost)  
  187  12:04  Pylon  
  187  12:05  Carrier (Chrono Boost)  
  193  12:09  Carrier (Chrono Boost)  
  193  12:10  Protoss Air Weapons Level 3 (Chrono Boost), Probe  
  196  12:31  Gateway  
  196  12:33  Gateway  
  178  12:59  Carrier (Chrono Boost)  
  177  13:09  Carrier (Chrono Boost)  
  175  13:13  Zealot x5  
  175  13:14  Zealot  
  175  13:16  Archon  
  177  13:20  High Templar  
  177  13:24  Anion Pulse-Crystals  
  179  13:29  Assimilator  
  161  13:45  Immortal (Chrono Boost)  
  161  13:46  High Templar x2  
  163  13:55  Pylon  
  163  14:03  Observer  
  163  14:05  High Templar x4, Zealot x3  
  177  14:12  Archon x2  
  177  14:20  Nexus, Photon Cannon  
  177  14:21  Shield Battery  
  177  14:22  Pylon  
  177  14:23  Observer (Chrono Boost)  
  178  14:34  High Templar  
  178  14:35  Zealot x4  
  178  14:38  Observer  
  189  14:49  Protoss Air Armor Level 1 (Chrono Boost)  
  189  14:56  Mothership (Chrono Boost)  
  189  14:58  Protoss Shields Level 1 (Chrono Boost)  
  189  14:59  Observer  
  181  15:35  Immortal  
  179  15:44  High Templar x4  
  179  15:46  Zealot x5  
  179  15:49  Archon  
  197  15:51  Archon  
  197  15:52  Assimilator  
  197  15:56  Assimilator  
  197  16:00  Photon Cannon  
  197  16:02  Photon Cannon  
  197  16:05  Photon Cannon  
  197  16:07  Shield Battery  
  197  16:09  Pylon  
  187  16:21  Zealot x3  
  186  16:31  Void Ray  
  178  16:36  Tempest x2  
  170  17:07  Immortal (Chrono Boost)  
  170  17:12  Zealot  
  170  17:13  Zealot x6  
  187  17:20  High Templar x2  
Show
View Real Time Build Order
Export as new Build Order

Stephano Zerg 

Build Orders: Hatch First, Lurkers 

Get SALT Encoding   

  12  0:00  Drone  
  13  0:12  Overlord  
  13  0:17  Drone  
  14  0:30  Drone x2  
  16  0:48  Hatchery  
  15  0:51  Drone  
  15  0:54  Drone  
  17  0:58  Drone  
  18  1:08  Extractor  
  17  1:13  Spawning Pool  
  17  1:16  Drone  
  17  1:20  Drone  
  18  1:27  Drone  
  19  1:39  Drone  
  20  1:50  Drone  
  21  2:00  Queen x2  
  25  2:01  Zergling x2  
  25  2:04  Drone  
  27  2:10  Drone  
  27  2:11  Overlord  
  28  2:26  Hatchery  
  28  2:27  Metabolic Boost  
  27  2:31  Zergling x2  
  27  2:32  Drone  
  27  2:34  Drone  
  30  2:42  Queen  
  32  2:47  Overlord  
  32  2:51  Drone x2  
  32  2:54  Drone  
  32  2:57  Drone  
  36  3:09  Zergling x4  
  36  3:10  Drone x2  
  36  3:12  Drone x3  
  43  3:16  Overlord  
  43  3:21  Overlord  
  43  3:27  Queen, Extractor  
  43  3:31  Overlord  
  45  3:37  Drone  
  45  3:38  Drone  
  45  3:39  Queen  
  49  3:42  Drone  
  49  3:43  Drone  
  49  3:46  Drone  
  52  3:50  Drone x3  
  52  3:54  Spore Crawler  
  52  3:55  Drone  
  55  3:56  Drone  
  55  3:59  Overlord  
  56  4:07  Drone x3  
  56  4:08  Drone x2  
  60  4:12  Drone  
  60  4:13  Drone x2  
  63  4:21  Overlord  
  63  4:22  Drone x3  
  63  4:24  Spore Crawler  
  65  4:25  Spore Crawler  
  65  4:26  Queen  
  66  4:34  Lair  
  66  4:37  Extractor x2  
  64  4:39  Evolution Chamber  
  64  4:41  Zergling x4  
  64  4:43  Drone x3  
  64  4:44  Drone x2  
  70  4:48  Drone  
  70  4:49  Drone x2  
  72  4:53  Drone x5  
  72  4:57  Queen  
  79  5:02  Drone x2  
  79  5:06  Extractor  
  80  5:07  Extractor  
  80  5:12  Overlord x2  
  79  5:14  Zerg Missile Weapons Level 1  
  79  5:20  Evolution Chamber  
  78  5:23  Queen  
  78  5:25  Drone x2  
  78  5:26  Extractor, Drone  
  78  5:28  Overlord  
  82  5:48  Zerg Ground Armor Level 1  
  82  5:49  Drone x3  
  84  5:53  Hydralisk Den  
  84  5:54  Queen x2  
  87  6:00  Overlord  
  87  6:02  Drone  
  87  6:03  Drone x3  
  87  6:04  Hatchery  
  90  6:06  Hatchery  
  89  6:15  Spore Crawler  
  89  6:18  Drone x2  
  90  6:19  Spore Crawler  
  90  6:20  Spore Crawler  
  90  6:24  Drone x4  
  91  6:30  Drone x14  
  100  6:34  Nydus Network  
  99  6:42  Overlord  
  96  6:50  Muscular Augments, Hydralisk x4  
  102  7:00  Hydralisk x5  
  110  7:07  Hydralisk x3  
  114  7:12  Nydus Canal  
  114  7:15  Hydralisk  
  114  7:16  Hydralisk x2  
  120  7:23  Hydralisk x3  
  126  7:30  Overlord x3  
  126  7:35  Overlord  
  124  7:39  Overlord  
  124  7:48  Spore Crawler x2  
  124  7:49  Spore Crawler  
  124  7:50  Spore Crawler x2  
  119  7:52  Spore Crawler x2, Hydralisk x2  
  119  7:53  Hydralisk x2  
  119  7:55  Overlord  
  121  8:01  Grooved Spines  
  121  8:04  Hydralisk x5  
  129  8:08  Zerg Missile Weapons Level 2  
  129  8:12  Nydus Canal  
  129  8:19  Drone x8  
  137  8:31  Hydralisk x5  
  146  8:44  Hydralisk  
  146  8:45  Hydralisk  
  150  8:50  Overlord, Infestation Pit  
  150  8:55  Overlord  
  147  8:56  Hydralisk  
  145  9:06  Hydralisk x7  
  133  9:10  Hydralisk  
  119  9:18  Hydralisk x3  
  119  9:23  Extractor  
  119  9:24  Extractor, Drone x6  
  129  9:32  Hydralisk x2  
  129  9:34  Queen  
  129  9:35  Hive  
  133  9:45  Nydus Canal  
  133  9:48  Spore Crawler  
  133  9:49  Spore Crawler  
  133  9:50  Drone x6  
  136  9:53  Extractor x2  
  136  9:54  Drone x3  
  136  9:55  Hydralisk x2  
  141  10:04  Hydralisk x4  
  149  10:11  Zerg Ground Armor Level 2  
  149  10:16  Drone x5  
  154  10:24  Hydralisk x5  
  160  10:33  Drone x4  
  155  10:35  Hydralisk  
  155  10:36  Hydralisk x2  
  159  10:50  Spore Crawler x2, Overlord  
  159  10:52  Spore Crawler  
  159  10:54  Overlord x2  
  159  10:55  Viper x3  
  165  11:03  Overlord  
  163  11:10  Overlord  
  161  11:15  Viper  
  161  11:16  Hydralisk x12  
  187  11:27  Overseer x2  
  187  11:28  Pneumatized Carapace  
  187  11:32  Lurker Den, Zerg Missile Weapons Level 3  
  186  11:34  Drone x6  
  192  11:45  Spine Crawler x2  
  190  11:49  Drone x4  
  192  12:02  Overseer  
  192  12:08  Overseer  
  192  12:22  Hydralisk x5  
  197  12:32  Seismic Spines  
  197  12:33  Zerg Ground Armor Level 3  
  197  12:36  Nydus Canal  
  197  12:57  Hydralisk x8  
  197  12:58  Hydralisk x6  
  188  13:00  Hydralisk x5  
  176  13:05  Hydralisk  
  176  13:06  Hydralisk x2  
  169  13:16  Hydralisk x5  
  167  13:22  Hydralisk x2  
  161  13:27  Hydralisk x3  
  161  13:30  Adaptive Talons  
  156  13:42  Overseer, Hydralisk x6  
  154  13:58  Drone x5  
  154  14:01  Lurker x2  
  154  14:02  Viper x2, Lurker  
  162  14:07  Viper  
  162  14:08  Hatchery, Overlord x2  
  170  14:11  Lurker x2  
  170  14:12  Lurker  
  173  14:24  Overseer  
  173  14:25  Overseer  
  173  14:28  Lurker x3  
  173  14:31  Overlord  
  176  14:32  Hydralisk x5  
  176  14:34  Drone  
  176  14:35  Drone x2  
  182  15:09  Hydralisk x4  
  190  15:18  Spore Crawler  
  190  15:19  Spore Crawler  
  188  15:35  Hatchery  
  184  15:39  Overlord  
  184  15:42  Overlord  
  182  15:46  Extractor, Overlord x3  
  182  15:47  Extractor  
  180  15:50  Spore Crawler  
  179  15:58  Lurker x2  
  181  16:07  Hydralisk x10  
  194  16:32  Hydralisk x2  
  167  16:54  Hydralisk x8  
  167  17:00  Hydralisk x9  
  173  17:08  Hydralisk x5  
  142  17:18  Hydralisk x3  

Tags
 
Add a new tag
Caveats
  • Supply blocks, unpowered buildings, or Contaminate may cause inaccurate times.
  • Supply counts are checked every 10 seconds.